 Dungeon Sprint DCSS version 0.27-a0-1301-g128193abf8 (webtiles) character file.

Game seed: 7302622389635407746

1178 mhtbhm the Basher (level 8, -8/85 HPs)
             Began as a Minotaur Berserker on June 17, 2021.
             Was a High Priest of Trog.
             Killed by vampiric draining
             ... invoked by a vampire
              (13 damage)
             ... in the Dungeon (Sprint IX: "|||||||||||||||||||||||||||||").
             The game lasted 00:00:54 (322 turns).

mhtbhm the Basher (Minotaur Berserker)               Turns: 322, Time: 00:00:55

Health: -8/85      AC: 22    Str: 23    XL:     8   Next: 18%
Magic:  7/7        EV: 10    Int:  8    God:    Trog [*****.]
Gold:   0          SH:  0    Dex: 13    Spells: 7/7 levels left

rFire    . . .     SeeInvis .   a - +2 dire flail (protect)
rCold    . . .     Faith    .   (shield currently unavailable)
rNeg     . . .     Spirit   .   b - +1 chain mail
rPois    .         Reflect  .   (helmet restricted)
rElec    .         Harm     .   l - +0 cloak
rCorr    .         Rampage  .   k - +0 pair of gloves
Will     .....     NoTele   +   (no boots)
Stlth    ..........             (no amulet)
HPRegen  0.24/turn              m - +3 ring of intelligence
MPRegen  0.10/turn              n - +3 ring of dexterity

@: under a protective aura, on berserk cooldown, slowed, very slow
A: horns 2, retaliatory headbutt
a: Renounce Religion, Berserk, Trog's Hand, Brothers in Arms


You were in the Dungeon.
You worshipped Trog.
Trog was extremely pleased with you.
You visited 1 branch

Inventory:

Hand Weapons
 a - a +2 dire flail of protection (weapon)
Armour
 b - a +1 chain mail (worn)
 k - a +0 pair of gloves (worn)
 l - a +0 cloak (worn)
Jewellery
 m - a +3 ring of intelligence (left hand)
 n - a +3 ring of dexterity (right hand)
Wands
 j - a wand of acid (6)
Scrolls
 h - a scroll of blinking
Potions
 c - 5 potions of curing
 d - 2 potions of heal wounds
 f - 4 potions of magic
 g - a potion of berserk rage
 i - a potion of invisibility


   Skills:
 + Level 12.8 Fighting
 + Level 13.6 Maces & Flails
 + Level 8.8 Armour
 + Level 6.1 Dodging
 + Level 1.5 Evocations


You had 7 spell levels left.
You didn't know any spells.
Your spell library was empty.

Dungeon Overview and Level Annotations

Branches:
Dungeon (1/1)

Altars:
Cheibriados
Dithmenos
Elyvilon
Fedhas
Gozag
Hepliaklqana
Kikubaaqudgha
Makhleb
Nemelex Xobeh
Okawaru
Qazlal
Ru
Sif Muna
Trog
Uskayaw
Vehumet
Wu Jian
Xom
Yredelemnul
Zin
The Shining One
Beogh
Jiyva
Lugonu


Innate Abilities, Weirdness & Mutations

You have a pair of horns on your head.
You reflexively headbutt those who attack you in melee.


Message History

The vampire barely misses you.
The vampire bites you but does no damage.
You barely miss the vampire. Your headbutt misses the vampire.
You bludgeon the vampire!!
The vampire is almost destroyed.
You barely miss the vampire.
You headbutt the vampire, but do no damage.
The vampire is almost destroyed.
The vampire casts a spell at you.
You are confused.
You bump into the unnaturally hard rock wall.
The vampire hits you but does no damage.
The vampire bites you but does no damage.
You hit the vampire but do no damage. Your headbutt misses the vampire.
The vampire is almost destroyed.
You bump into the unnaturally hard rock wall.
The vampire gestures wildly while chanting.
The vampire flickers and vanishes!
Deactivating autopickup; reactivate with Ctrl-A.
You bump into the unnaturally hard rock wall.
You feel a strong urge to attack something.
You bump into the unnaturally hard rock wall.
You are no longer berserk.
You are exhausted.
You feel yourself slow down. Something hits you!
Something bites you but does no damage.
You bump into the unnaturally hard rock wall.
Something draws life force from you!
* * * LOW HITPOINT WARNING * * *
Something hits you but does no damage. Something bites you.
* * * LOW HITPOINT WARNING * * *
Something draws strength from your injuries!
You barely miss something. Something draws life force from you!!
* * * LOW HITPOINT WARNING * * *
You feel less confused.
There is a glowing golden altar of the Shining One here.
You puncture something!
Your weapon exudes an aura of protection.
Your headbutt misses something. Something draws life force from you!
You die...

▓.▓
▓[▓
▓)▓
▓.▓
▓)▓
▓)▓
▓.▓
▓'▓
▓@▓
▓_▓
▓_▓
▓_▓
▓_▓
▓_▓
▓_▓
▓_▓
▓_▓


There were no monsters in sight!

Vanquished Creatures
  A two-headed ogre (D)
  A hornet (D)
  A vampire (D)
  An acid dragon (D)
  A wight (D)
  A jelly (D)
  2 adder zombies (D)
  A dart slug (D)
  2 endoplasms (D)
  A hobgoblin (D)
  A quokka (D)
  A bat (D)
  A quokka skeleton (D)
15 creatures vanquished.

Notes
Turn   | Place    | Note
-------+----------+-------------------------------------------
     0 | D        | mhtbhm the Minotaur Berserker began the quest for the Orb.
     0 | D        | Reached XP level 1. HP: 19/19 MP: 0/0
     5 | D        | Reached skill level 4 in Maces & Flails
     8 | D        | Reached ** piety under Trog
    11 | D        | Banished a spatial maelstrom
    51 | D        | Noticed a jelly
    53 | D        | Killed a jelly
    54 | D        | Reached skill level 6 in Maces & Flails
    54 | D        | Reached XP level 2. HP: 30/30 MP: 1/1
    54 | D        | Reached XP level 3. HP: 37/37 MP: 2/2
    56 | D        | Reached *** piety under Trog
    66 | D        | Found a snail-covered altar of Cheibriados.
    66 | D        | Found a shadowy altar of Dithmenos.
    66 | D        | Found a white marble altar of Elyvilon.
    66 | D        | Found a blossoming altar of Fedhas.
    66 | D        | Found an opulent altar of Gozag.
    67 | D        | Found a hazy altar of Hepliaklqana.
    68 | D        | Found a viscous altar of Jiyva.
    69 | D        | Found an ancient bone altar of Kikubaaqudgha.
    70 | D        | Found a corrupted altar of Lugonu.
    71 | D        | Found a burning altar of Makhleb.
    72 | D        | Found a sparkling altar of Nemelex Xobeh.
    73 | D        | Found an iron altar of Okawaru.
    74 | D        | Found a stormy altar of Qazlal.
    75 | D        | Found a sacrificial altar of Ru.
    76 | D        | Found a shimmering blue altar of Sif Muna.
    77 | D        | Found a bloodstained altar of Trog.
    78 | D        | Found a hide-covered altar of Uskayaw.
    79 | D        | Found a radiant altar of Vehumet.
    80 | D        | Found an ornate altar of the Wu Jian Council.
    81 | D        | Found a shimmering altar of Xom.
    82 | D        | Found a basalt altar of Yredelemnul.
    83 | D        | Found a glowing silver altar of Zin.
    84 | D        | Found a glowing golden altar of the Shining One.
   239 | D        | Noticed a vampire
   239 | D        | Noticed an acid dragon
   239 | D        | Noticed a two-headed ogre
   239 | D        | Noticed a vampire
   239 | D        | Noticed a hornet
   243 | D        | Paralysed by a hornet for 2 turns
   247 | D        | Killed a hornet
   247 | D        | Reached **** piety under Trog
   248 | D        | Reached skill level 10 in Maces & Flails
   248 | D        | Reached skill level 5 in Armour
   248 | D        | Reached XP level 4. HP: 37/50 MP: 3/3
   248 | D        | Reached XP level 5. HP: 42/57 MP: 4/4
   258 | D        | Killed a vampire
   259 | D        | Reached skill level 10 in Fighting
   259 | D        | Reached skill level 11 in Maces & Flails
   259 | D        | Reached skill level 5 in Dodging
   259 | D        | Reached XP level 6. HP: 40/67 MP: 5/5
   262 | D        | Killed a two-headed ogre
   263 | D        | Reached skill level 13 in Maces & Flails
   263 | D        | Reached skill level 1 in Evocations
   263 | D        | Reached XP level 7. HP: 39/78 MP: 6/6
   263 | D        | Reached XP level 8. HP: 42/85 MP: 7/7
   307 | D        | Reached ***** piety under Trog
   322 | D        | Killed from afar by a vampire

Illustrated notes

Levels and vault maps discovered:
D:        linesprint [early_d, line_temple, items_1, d_10, items_2, lair_1,
          lair_end, items_3, orc_1, orc_end, items_4, d_15, swamp_1, shoals_1,
          snake_1, spider_1, d_20, vaults_1, items_5, swamp_end, shoals_end,
          snake_end, spider_end, vaults_end, d_27, items_6, zot_1, zot_end,
          crypt_end, forest_end, elf_end, slime_end, tomb_end, abyss_end,
          pan_hell_end]

Skill      XL: |  1  2  3  4  5  6 |
---------------+-------------------+-----
Fighting       | 6 9 10 12 | 12.8
Maces & Flails | 6 10 11 13 | 13.6
Armour         | 3 5 6 8 |  8.8
Dodging        | 3 4 5 6 |  6.1
Evocations     | 1 |  1.5

Action                   |  1- 3 |  4- 6 |  7- 9 || total
-------------------------+-------+-------+-------++-------
Melee: Mace              |    13 |       |       ||    13
       Headbutt          |     7 |     1 |     2 ||    10
       Dire flail        |     5 |     7 |    10 ||    22
Invok: Berserk           |     2 |       |     1 ||     3
Evoke: Wand              |       |     4 |       ||     4
  Use: Potion            |       |     2 |       ||     2
       Scroll            |       |     1 |       ||     1
Armor: Animal skin       |     1 |       |       ||     1
       Chain mail        |     5 |     2 |     6 ||    13
Dodge: Dodged            |     4 |       |     3 ||     7

Table legend: (Time is in decaauts)
 A = Elapsed time spent in this place.
 B = Non-inter-level travel time spent in this place.
 C = Inter-level travel time spent in this place.
 D = Time resting spent in this place.
 E = Time spent auto-exploring this place.
 F = Levels seen in this place.
 G = Mean time per level.
                   A        B        C        D        E       F      G
               +--------+--------+--------+--------+--------+-----+--------+
         Total |    313 |    313 |      0 |    164 |      3 |   1 |  313.0 |
       Dungeon |    313 |    313 |      0 |    164 |      3 |   1 |  313.0 |
               +--------+--------+--------+--------+--------+-----+--------+

Top non-repeatable levels by time:
       D: 313 daAuts
